 Dungeon Crawl Stone Soup version 0.30.0-18-gf1372a6a44 (webtiles) character file.

Game seed: 14579440869366589564

42759 qw the Cleaver (level 14, -1/90 HPs)
             Began as a Gargoyle Fighter on May 23, 2023.
             Was an Elder of Okawaru.
             Slain by a boulder beetle (28 damage)
             ... on level 4 of the Lair of Beasts.
             The game lasted 00:07:01 (14381 turns).

qw the Cleaver (Gargoyle Fighter)                  Turns: 14381, Time: 00:07:02

Health: -1/90      AC: 32    Str: 36      XL:     14   Next: 21%
Magic:  21/21      EV: 15    Int:  9      God:    Okawaru [****..]
Gold:   856        SH: 12    Dex:  7 (9)  Spells: 13/13 levels left

rFire   . . .        Y - +1 war axe
rCold   x . .        f - +0 kite shield
rNeg    + . .        k - +0 plate armour
rPois   inf          (helmet restricted)
rElec   +            g - scarf "Ytid" {+Inv, Str+5}
rCorr   .            c - +0 pair of gloves
SInv    .            i - +0 pair of boots
Will    ++...        (no amulet) Stlth
                     l - ring of Atal {Will+ Str+6}
HPRegen 0.35/turn    h - +5 ring of evasion
MPRegen 0.17/turn

%: no passive effects
@: heroic, flying
A: sickness immunity, AC +10, big wings, negative energy resistance 1,
electricity resistance, torment resistance 1, petrification resistance, horns 1,
iridescent scales 1, deterioration 1, cold vulnerability 1
a: Renounce Religion, Evoke Invisibility, Heroism, Finesse


You were on level 4 of the Lair of Beasts.
You worshipped Okawaru.
Okawaru was greatly pleased with you.
You visited 3 branches of the dungeon, and saw 17 of its levels.

You collected 952 gold pieces.
You spent 96 gold pieces at shops.


Innate Abilities, Weirdness & Mutations

You are immune to sickness and miasma.
Your stone body is resilient. (AC +10)
You are immune to poison.
Your large and strong wings let you fly.
You resist negative energy. (rN+)
You are resistant to electric shocks. (rElec)
You are resistant to unholy torment.
You are immune to petrification.
You have a pair of small horns on your head.
You are partially covered in iridescent scales. (AC +2)
Your body sometimes deteriorates upon taking damage.
You are vulnerable to cold. (rC-)


   Skills:
 - Level 11.0(16.0) Fighting
 - Level 14.0(19.0) Axes
 - Level 3.1(8.1) Throwing
 + Level 9.5(14.5) Armour
 - Level 2.4(7.4) Dodging
 - Level 12.1(17.1) Shields
 - Level 10.0 Invocations


You had 13 spell levels left.
You didn't know any spells.
Your spell library was empty.

Inventory:

Hand Weapons
 m - a +0 morningstar
 Y - a +1 war axe (weapon)
Missiles
 u - 4 boomerangs (quivered)
Armour
 c - a +0 pair of gloves (worn)
 f - a +0 kite shield (worn)
 g - the scarf "Ytid" (worn) {+Inv, Str+5}
   (You acquired it on level 11 of the Dungeon)

   Str:       It affects your strength (+5).
 i - a +0 pair of boots (worn)
 k - a +0 plate armour (worn)
Jewellery
 h - a +5 ring of evasion (right hand)
 l - the ring of Atal (left hand) {Will+ Str+6}
   (You found it on level 10 of the Dungeon)

   [ring of strength]

   Str:       It affects your strength (+6).
   Will:      It increases your willpower.
 q - a ring of protection from cold
Wands
 t - a wand of digging (4)
Scrolls
 a - 9 scrolls of identify
 e - 3 scrolls of teleportation
Potions
 b - 3 potions of lignification
 d - 6 potions of might
 j - a potion of magic
 n - 3 potions of haste
 o - 2 potions of attraction
 p - a potion of cancellation
 r - 6 potions of curing

Dungeon Overview and Level Annotations

Branches:
Dungeon (11/15)            Temple (1/1) D:5            Lair (5/5) D:11
  Swamp (0/4) Lair:2        Snake (0/4) Lair:2        Slime (0/5) Lair:5
    Orc: D:9-12

Altars:
Ashenzari
Cheibriados
Dithmenos
Elyvilon
Fedhas
Gozag
Hepliaklqana
Kikubaaqudgha
Makhleb
Nemelex Xobeh
Okawaru
Qazlal
Ru
Sif Muna
Trog
Uskayaw
Vehumet
Wu Jian
Xom
Yredelemnul
Zin
The Shining One

Shops:
D:8 [   D:10 *


Message History

You hit the boulder beetle but do no damage.
Your headbutt misses the boulder beetle.
The boulder beetle is severely wounded.
The boulder beetle bites you!
Your body deteriorates!
You feel clumsy.
14367 ||| STAIRDANCE The boulder beetle bites you but does no damage.
You fly upwards.
There is a stone staircase leading down here.
You hit the boulder beetle but do no damage.
The boulder beetle is heavily wounded.
You barely miss the boulder beetle.
The boulder beetle is heavily wounded.
The boulder beetle bites you!
You hit the boulder beetle but do no damage.
You headbutt the boulder beetle, but do no damage.
The boulder beetle is heavily wounded.
The boulder beetle bites you but does no damage.
You slice the boulder beetle!!
You headbutt the boulder beetle, but do no damage.
The boulder beetle is almost dead.
You hit the boulder beetle but do no damage.
You headbutt the boulder beetle, but do no damage.
The boulder beetle is almost dead.
You block the boulder beetle's attack.
You completely miss the boulder beetle.
You headbutt the boulder beetle, but do no damage.
The boulder beetle is almost dead.
The boulder beetle leaps!
You are too injured to fight recklessly!
The boulder beetle leaps!
You start resting.
A boulder beetle is nearby!
You are too injured to fight recklessly!
You are too injured to fight recklessly!
The boulder beetle curls into a ball and begins rolling!
You are too injured to fight recklessly!
You are too injured to fight recklessly!
The boulder beetle hits you!!
You die...

###....# ##........#
###....### #P........#
...'.#.# ### #.........#
.......###.####........##
.......'........0....>..#
........#.#PP...0......##
........#####...0......##
....P....####.#.B...)...#
#.........##..#.@....)..#
............[.#...####.##
..........#..##...# ###
#..P....#.#####..## ###
........### ###.#.######.##
........%# #.............#
.........####............##
.......+..#.##....>......#
.......P#...##...........#


You could see a boulder beetle (rolling).

Vanquished Creatures
  Josephine (D:10)
  Fannar (Lair:1)
  3 hydras
  A catoblepas (Lair:5)
  Erica (Lair:1)
  4 death yaks
  3 two-headed ogres
  A skyshark (Lair:4)
  A lindwurm (Lair:2)
  An oklob plant (D:11)
  2 black mambas (Lair:1)
  9 elephants (Lair:2)
  8 cane toads
  2 torpor snails
  Maggie (D:8)
  A gargoyle (D:10)
  14 komodo dragons
  2 rime drakes
  A kobold demonologist (D:11)
  2 trolls
  2 polar bears
  20 blink frogs
  10 dream sheep
  Sigmund (D:4)
  3 wyverns
  4 wraiths (D:10)
  7 fire bats (Lair:2)
  44 yaks
  3 steam dragons
  2 vampire mosquitoes (D:11)
  A basilisk (Lair:3)
  Edmund (D:4)
  3 nagas (Lair:2)
  7 water moccasins
  2 sky beasts
  2 ogres
  An orc warrior (D:6)
  4 black bears
  14 wolves
  2 centaurs (D:8)
  2 kobold brigands (D:11)
  3 scorpions
  14 bullfrogs
  4 gnoll sergeants
  3 wights (D:7)
  2 electric eels
  4 howler monkeys
  A gnoll bouda (D:10)
  5 hounds
  2 jellies
  2 orc priests (D:9)
  An iguana (D:5)
  An orc wizard (D:10)
  A sleepcap (D:5)
  5 hell rats (Lair:3)
  27 gnolls
  7 adders
  A shadow imp (D:4)
  A white imp (D:8)
  3 ufetubi
  2 dart slugs
  23 orcs
  11 endoplasms
  A giant cockroach (D:1)
  9 goblins
  2 hobgoblins
  2 jackals (D:1)
  4 quokkas
  A ball python (D:3)
  3 bats
  2 frilled lizards
  17 kobolds
  6 rats
364 creatures vanquished.

Notes
Turn   | Place    | Note
-------+----------+-------------------------------------------
     0 | D:1      | qw the Gargoyle Fighter began the quest for the Orb.
     0 | D:1      | Reached XP level 1. HP: 14/14 MP: 1/1
     0 | D:1      | 0 ||| qw: Version: 0.2-a-98-g5d7165a
     0 | D:1      | 0 ||| qw: Game counter: 10
     0 | D:1      | 0 ||| qw: Always use a shield: true
     0 | D:1      | 0 ||| qw: God list: Okawaru
     0 | D:1      | 0 ||| qw: Allow faded altars: false
     0 | D:1      | 0 ||| qw: Do Orc after D:15 true
     0 | D:1      | 0 ||| qw: Do second Lair branch before Depths: true
     0 | D:1      | 0 ||| qw: Lair rune preference: random
     0 | D:1      | 0 ||| qw: Plans: Normal, Zot:1-4, God:TSO, Crypt, Tomb,
                  | Pan, Slime:5, Hells, Abyss, Win
     0 | D:1      | 0 ||| PLANNING D:1-11
    23 | D:1      | Reached skill level 2 in Axes
    69 | D:1      | Reached XP level 2. HP: 18/19 MP: 2/2
   101 | D:1      | 101 ||| Stepping ~*~*~tactically~*~*~ (stealth).
   144 | D:1      | 144 ||| DROPPING +0 club.
   368 | D:1      | Reached skill level 3 in Axes
   368 | D:1      | Reached XP level 3. HP: 20/23 MP: 3/3
   381 | D:1      | 381 ||| DROPPING +0 whip.
   782 | D:1      | 782 ||| UPGRADING to +0 pair of boots.
   787 | D:1      | 787 ||| UPGRADING to +5 ring of evasion.
   788 | D:1      | 788 ||| READING scroll labelled QAZXIR QAOTASM.
   789 | D:1      | 789 ||| READING scroll labelled XIARIY QEMEAKORCH.
   968 | D:2      | 968 ||| Stepping ~*~*~tactically~*~*~ (hiding).
   993 | D:2      | 993 ||| Stepping ~*~*~tactically~*~*~ (stealth).
   994 | D:2      | 994 ||| Stepping ~*~*~tactically~*~*~ (stealth).
  1289 | D:2      | Found a stormy altar of Qazlal.
  1327 | D:2      | 1327 ||| DROPPING amulet of faith.
  1328 | D:2      | 1328 ||| READING scroll labelled NOWEGU GUSA.
  1329 | D:2      | 1329 ||| READING 2 scrolls labelled BOGAMUFFIATIG.
  1332 | D:2      | 1332 ||| READING scroll labelled RISHRIA KUORUN.
  1433 | D:2      | 1433 ||| READING scroll labelled DOMUVO XANOE.
  1434 | D:2      | 1434 ||| READING scroll labelled VASYSS BOYS.
  1435 | D:2      | 1435 ||| DRINKING 2 puce potions.
  1436 | D:2      | 1436 ||| DROPPING potion of flight.
  1654 | D:3      | Found a hide-covered altar of Uskayaw.
  1700 | D:3      | Reached XP level 4. HP: 28/28 MP: 4/4
  1737 | D:3      | 1737 ||| Stepping ~*~*~tactically~*~*~ (stealth).
  1981 | D:3      | 1981 ||| UPGRADING to +0 chain mail.
  1991 | D:3      | 1991 ||| DROPPING +0 scale mail.
  1992 | D:3      | 1992 ||| READING 2 scrolls labelled ICWOSH FAAHEYVILL.
  1993 | D:3      | 1993 ||| READING scroll labelled XOSOSHR XOUN.
  1994 | D:3      | 1994 ||| READING scroll labelled KUIZOWNULA.
  2012 | D:3      | 2012 ||| DRINKING 2 pink potions.
  2051 | D:4      | 2051 ||| STAIRDANCE
  2055 | D:3      | Reached skill level 4 in Axes
  2111 | D:4      | Reached skill level 1 in Throwing
  2139 | D:4      | Reached XP level 5. HP: 30/32 MP: 5/5
  2245 | D:4      | 2245 ||| Stepping ~*~*~tactically~*~*~ (stealth).
  2302 | D:4      | Noticed a black bear
  2310 | D:4      | Killed a black bear
  2311 | D:4      | Reached skill level 5 in Axes
  2311 | D:4      | Reached XP level 6. HP: 22/37 MP: 6/6
  2530 | D:4      | Noticed Edmund
  2551 | D:4      | Killed Edmund
  2552 | D:4      | Reached skill level 6 in Axes
  2552 | D:4      | Reached XP level 7. HP: 23/43 MP: 7/7
  2627 | D:4      | 2627 ||| DROPPING +0 flail.
  2646 | D:4      | Noticed Sigmund
  2672 | D:4      | Killed Sigmund
  2853 | D:4      | 2853 ||| Stepping ~*~*~tactically~*~*~ (stealth).
  3029 | D:4      | 3029 ||| UPGRADING to +0 kite shield.
  3039 | D:4      | 3039 ||| DROPPING +0 buckler.
  3040 | D:4      | 3040 ||| READING 2 scrolls of identify.
  3040 | D:4      | 3040 ||| IDENTIFYING metallic pink potion
  3068 | D:5      | Entered Level 5 of the Dungeon
  3144 | D:5      | Reached XP level 8. HP: 41/48 MP: 8/8
  3171 | D:5      | Found a staircase to the Ecumenical Temple.
  3172 | D:5      | 3172 ||| PLANNING TEMPLE
  3172 | D:5      | 3172 ||| READING scroll labelled DEFAEPSUID.
  3173 | D:5      | 3173 ||| READING scroll labelled XOIMPU ITANE.
  3174 | D:5      | 3174 ||| DRINKING 3 bubbling pink potions.
  3175 | D:5      | 3175 ||| DROPPING 2 potions of invisibility.
  3183 | Temple   | Entered the Ecumenical Temple
  3188 | Temple   | 3188 ||| PLANNING OKAWARU WORSHIP
  3231 | Temple   | Became a worshipper of Warmaster Okawaru
  3231 | Temple   | 3231 ||| PLANNING D:1-11
  3250 | D:5      | 3250 ||| Stepping ~*~*~tactically~*~*~ (hiding).
  3260 | D:5      | 3260 ||| Stepping ~*~*~tactically~*~*~ (stealth).
  3292 | D:5      | Identified the +10 long sword "Taul Buxe" {pain, rElec rC+
                  | Str+3}
  3406 | D:5      | 3406 ||| Stepping ~*~*~tactically~*~*~ (stealth).
  3420 | D:5      | Found a shadowy altar of Dithmenos.
  3655 | D:5      | Reached skill level 6 in Shields
  3841 | D:5      | 3841 ||| UPGRADING to +0 plate armour.
  3851 | D:5      | 3851 ||| DROPPING +0 chain mail.
  3852 | D:5      | 3852 ||| UPGRADING to ring of protection from cold.
  3853 | D:5      | 3853 ||| READING 3 scrolls of identify.
  3853 | D:5      | 3853 ||| IDENTIFYING bubbling emerald potion
  3854 | D:5      | 3854 ||| READING 2 scrolls of identify.
  3854 | D:5      | 3854 ||| IDENTIFYING sapphire potion
  3855 | D:5      | 3855 ||| DROPPING potion of ambrosia.
  3993 | D:6      | 3993 ||| Stepping ~*~*~tactically~*~*~ (hiding).
  4010 | D:6      | Reached skill level 7 in Axes
  4138 | D:6      | 4138 ||| Stepping ~*~*~tactically~*~*~ (hiding).
  4264 | D:6      | Reached * piety under Okawaru
  4360 | D:6      | 4360 ||| Stepping ~*~*~tactically~*~*~ (hiding).
  4363 | D:6      | 4363 ||| Stepping ~*~*~tactically~*~*~ (hiding).
  4366 | D:6      | 4366 ||| INVOKING Heroism.
  4546 | D:6      | 4546 ||| READING scroll labelled XIUPRO DEMEAC.
  4547 | D:6      | 4547 ||| DRINKING 2 fuming orange potions.
  4548 | D:6      | 4548 ||| READING 2 scrolls of identify.
  4548 | D:6      | 4548 ||| IDENTIFYING golden potion
  4569 | D:7      | 4569 ||| STAIRDANCE
  4719 | D:7      | Reached skill level 1 in Invocations
  4730 | D:7      | 4730 ||| DROPPING +2 hand axe of electrocution.
  4782 | D:7      | Found a stormy altar of Qazlal.
  4945 | D:7      | Reached XP level 9. HP: 46/54 MP: 10/10
  5022 | D:7      | Reached skill level 3 in Invocations
  5076 | D:7      | 5076 ||| INVOKING Heroism.
  5273 | D:7      | 5273 ||| READING scroll labelled JAKIEPR VETU.
  5289 | D:8      | 5289 ||| INVOKING Heroism.
  5299 | D:8      | Found Cheibriados's Comfort Zone.
  5299 | D:8      | Found a snail-covered altar of Cheibriados.
  5335 | D:8      | 5335 ||| SHOPLISTING +3 hat of Pondering {ponderous, Will+
                  | MP+10 Int+5} (495 gold, have 372).
  5351 | D:8      | 5351 ||| Stepping ~*~*~tactically~*~*~ (hiding).
  5358 | D:8      | 5358 ||| Stepping ~*~*~tactically~*~*~ (water).
  5369 | D:8      | Reached skill level 8 in Axes
  5582 | D:8      | Reached skill level 6 in Fighting
  5663 | D:8      | Noticed Maggie
  5665 | D:8      | 5665 ||| INVOKING Heroism.
  5682 | D:8      | Killed Maggie
  5817 | D:8      | 5817 ||| Stepping ~*~*~tactically~*~*~ (hiding).
  5822 | D:8      | 5822 ||| INVOKING Heroism.
  5830 | D:8      | 5830 ||| Stepping ~*~*~tactically~*~*~ (cloud).
  5831 | D:8      | 5831 ||| Stepping ~*~*~tactically~*~*~ (cloud).
  5883 | D:8      | Found a glowing golden altar of the Shining One.
  5911 | D:8      | Found a flagged portal.
  6144 | D:8      | Noticed a two-headed ogre
  6145 | D:8      | 6145 ||| INVOKING Heroism.
  6154 | D:8      | Killed a two-headed ogre
  6154 | D:8      | Reached ** piety under Okawaru
  6155 | D:8      | Reached XP level 10. HP: 30/60 MP: 11/13
  6358 | D:8      | 6358 ||| UPGRADING to +0 pair of gloves.
  6363 | D:8      | 6363 ||| READING 2 scrolls of identify.
  6363 | D:8      | 6363 ||| IDENTIFYING fuming dark potion
  6364 | D:8      | 6364 ||| DROPPING potion of degeneration.
  6393 | D:9      | 6393 ||| INVOKING Heroism.
  6578 | D:9      | 6578 ||| INVOKING Heroism.
  6590 | D:9      | Reached skill level 9 in Axes
  6782 | D:9      | Found a white marble altar of Elyvilon.
  6784 | D:9      | Found a radiant altar of Vehumet.
  6788 | D:9      | Found an ancient bone altar of Kikubaaqudgha.
  6942 | D:9      | 6942 ||| DRINKING 2 smoky pink potions.
  6943 | D:9      | 6943 ||| DROPPING potion of brilliance.
  6954 | D:10     | Entered Level 10 of the Dungeon
  6957 | D:10     | Identified the ring of Atal {Will+ Str+6}
  6982 | D:10     | 6982 ||| INVOKING Heroism.
  7113 | D:10     | Found Difybyr's General Store.
  7117 | D:10     | Noticed a two-headed ogre
  7118 | D:10     | 7118 ||| INVOKING Heroism.
  7136 | D:10     | Killed a two-headed ogre
  7136 | D:10     | Reached *** piety under Okawaru
  7168 | D:10     | 7168 ||| SHOPLISTING +1 vampiric demon whip (624 gold, have
                  | 502).
  7168 | D:10     | 7168 ||| BUYING potion of curing (36 gold).
  7168 | D:10     | Bought a potion of curing for 36 gold pieces
  7168 | D:10     | 7168 ||| BUYING potion of heal wounds (60 gold).
  7168 | D:10     | Bought a potion of heal wounds for 60 gold pieces
  7190 | D:10     | 7190 ||| INVOKING Heroism.
  7196 | D:10     | Reached skill level 9 in Shields
  7203 | D:10     | Reached XP level 11. HP: 33/68 MP: 12/14
  7204 | D:10     | Reached **** piety under Okawaru
  7205 | D:10     | Reached skill level 10 in Axes
  7215 | D:10     | Noticed Josephine
  7216 | D:10     | 7216 ||| INVOKING Heroism.
  7232 | D:10     | HP: 8/67 [wraith[Josephine] (10)]
  7233 | D:10     | 7233 ||| READING 5 scrolls of teleportation.
  7234 | D:10     | 7234 ||| DRINKING 4 potions of heal wounds.
  7281 | D:10     | 7281 ||| INVOKING Heroism.
  7369 | D:10     | 7369 ||| Stepping ~*~*~tactically~*~*~ (stealth).
  7370 | D:10     | 7370 ||| Stepping ~*~*~tactically~*~*~ (stealth).
  7374 | D:10     | 7374 ||| INVOKING Heroism.
  7381 | D:10     | HP: 15/64 [wraith[Josephine] (10)]
  7382 | D:10     | 7382 ||| READING 4 scrolls of teleportation.
  7383 | D:10     | 7383 ||| DRINKING 3 potions of heal wounds.
  7548 | D:10     | 7548 ||| Stepping ~*~*~tactically~*~*~ (hiding).
  7549 | D:10     | 7549 ||| Stepping ~*~*~tactically~*~*~ (hiding).
  7550 | D:10     | 7550 ||| Stepping ~*~*~tactically~*~*~ (hiding).
  7551 | D:10     | 7551 ||| Stepping ~*~*~tactically~*~*~ (hiding).
  7553 | D:10     | 7553 ||| Stepping ~*~*~tactically~*~*~ (hiding).
  7556 | D:10     | 7556 ||| Stepping ~*~*~tactically~*~*~ (hiding).
  7557 | D:10     | 7557 ||| Stepping ~*~*~tactically~*~*~ (hiding).
  7570 | D:10     | 7570 ||| INVOKING Heroism.
  7573 | D:10     | Killed Josephine
  7602 | D:10     | 7602 ||| INVOKING Heroism.
  7825 | D:10     | Reached skill level 11 in Axes
  7867 | D:10     | Noticed a two-headed ogre
  7868 | D:10     | 7868 ||| INVOKING Heroism.
  7881 | D:10     | 7881 ||| INVOKING Heroism.
  7885 | D:10     | Killed a two-headed ogre
  8017 | D:10     | 8017 ||| UPGRADING to +0 helmet.
  8022 | D:10     | 8022 ||| UPGRADING to ring of Atal {Will+ Str+6}.
  8024 | D:10     | 8024 ||| UPGRADING to +5 ring of evasion.
  8026 | D:10     | 8026 ||| READING scroll labelled RIVIQIUGIH.
  8091 | D:11     | Reached skill level 6 in Invocations
  8219 | D:11     | 8219 ||| INVOKING Heroism.
  8633 | D:11     | Noticed an oklob plant
  8634 | D:11     | 8634 ||| INVOKING Heroism.
  8637 | D:11     | Found a staircase to the Lair.
  8648 | D:11     | Killed an oklob plant
  8979 | D:11     | 8979 ||| PLANNING LAIR
  8979 | D:11     | 8979 ||| READING scroll labelled DOTAC PIEKICW.
  8979 | D:11     | Identified a scroll of acquirement
  8979 | D:11     | 8979 ||| ACQUIRING scarf "Ytid" {+Inv, Str+5}
  8979 | D:11     | Acquired the scarf "Ytid" {+Inv, Str+5}
  8981 | D:11     | 8981 ||| UPGRADING to scarf "Ytid" {+Inv, Str+5}.
  8986 | D:11     | 8986 ||| READING 5 scrolls of identify.
  8986 | D:11     | 8986 ||| IDENTIFYING fizzy clear potion
  8987 | D:11     | 8987 ||| DROPPING potion of berserk rage.
  9048 | Lair:1   | Entered Level 1 of the Lair of Beasts
  9049 | Lair:1   | 9049 ||| INVOKING Heroism.
  9058 | Lair:1   | Received a gift from Okawaru
  9179 | Lair:1   | 9179 ||| INVOKING Heroism.
  9193 | Lair:1   | Reached XP level 12. HP: 62/73 MP: 15/17
  9271 | Lair:1   | Noticed Erica
  9272 | Lair:1   | 9272 ||| Stepping ~*~*~tactically~*~*~ (hiding).
  9274 | Lair:1   | 9274 ||| INVOKING Heroism.
  9288 | Lair:1   | Killed Erica
  9429 | Lair:1   | 9429 ||| INVOKING Heroism.
  9456 | Lair:1   | 9456 ||| Stepping ~*~*~tactically~*~*~ (stealth).
  9458 | Lair:1   | 9458 ||| Stepping ~*~*~tactically~*~*~ (stealth).
  9465 | Lair:1   | 9465 ||| INVOKING Heroism.
  9581 | Lair:1   | 9581 ||| Stepping ~*~*~tactically~*~*~ (stealth).
  9664 | Lair:1   | 9664 ||| INVOKING Heroism.
  9676 | Lair:1   | Reached skill level 9 in Invocations
  9709 | Lair:1   | 9709 ||| INVOKING Heroism.
  9842 | Lair:1   | 9842 ||| Stepping ~*~*~tactically~*~*~ (stealth).
  9843 | Lair:1   | 9843 ||| Stepping ~*~*~tactically~*~*~ (stealth).
  9846 | Lair:1   | 9846 ||| Stepping ~*~*~tactically~*~*~ (stealth).
  9861 | Lair:1   | Noticed Fannar
  9862 | Lair:1   | Reached skill level 9 in Fighting
  9882 | Lair:1   | 9882 ||| INVOKING Heroism.
  9902 | Lair:1   | HP: 15/76 [ice beast[Fannar] (8)]
  9903 | Lair:1   | 9903 ||| READING 4 scrolls of teleportation.
  9903 | Lair:1   | HP: 3/76 [Fannar/staff of cold (12)]
  9904 | Lair:1   | 9904 ||| DRINKING 2 potions of heal wounds.
  9905 | Lair:1   | 9905 ||| DRINKING potion of heal wounds.
 10108 | Lair:1   | 10108 ||| INVOKING Heroism.
 10114 | Lair:1   | Killed Fannar
 10255 | Lair:1   | 10255 ||| DROPPING +1 flail of draining.
 10466 | Lair:2   | 10466 ||| INVOKING Heroism.
 10533 | Lair:2   | 10533 ||| INVOKING Heroism.
 10544 | Lair:2   | Reached ***** piety under Okawaru
 10649 | Lair:2   | 10649 ||| INVOKING Heroism.
 10661 | Lair:2   | Reached skill level 12 in Axes
 10677 | Lair:2   | Reached skill level 9 in Armour
 10680 | Lair:2   | Received a gift from Okawaru
 10682 | Lair:2   | Reached XP level 13. HP: 65/80 MP: 20/20
 10707 | Lair:2   | 10707 ||| INVOKING Heroism.
 10806 | Lair:2   | 10806 ||| DROPPING +2 broad axe of distortion.
 10873 | Lair:2   | 10873 ||| Stepping ~*~*~tactically~*~*~ (stealth).
 10874 | Lair:2   | 10874 ||| Stepping ~*~*~tactically~*~*~ (stealth).
 10875 | Lair:2   | 10875 ||| INVOKING Heroism.
 10889 | Lair:2   | Reached skill level 3 in Throwing
 10904 | Lair:2   | 10904 ||| INVOKING Heroism.
 11009 | Lair:2   | 11009 ||| INVOKING Heroism.
 11012 | Lair:2   | 11012 ||| INVOKING Finesse.
 11016 | Lair:2   | 11016 ||| SWAPPING to +0 morningstar.
 11021 | Lair:2   | 11021 ||| SWAPPING to +1 war axe.
 11085 | Lair:2   | 11085 ||| INVOKING Heroism.
 11086 | Lair:2   | Found a staircase to the Swamp.
 11192 | Lair:2   | 11192 ||| INVOKING Heroism.
 11471 | Lair:2   | 11471 ||| Stepping ~*~*~tactically~*~*~ (hiding).
 11472 | Lair:2   | 11472 ||| Stepping ~*~*~tactically~*~*~ (hiding).
 11493 | Lair:2   | 11493 ||| INVOKING Heroism.
 11622 | Lair:2   | Found a staircase to the Snake Pit.
 11792 | Lair:2   | 11792 ||| DRINKING 2 fizzy brown potions.
 11792 | Lair:2   | Gained mutation: You are frail. (-10% HP) [potion of
                  | mutation]
 11792 | Lair:2   | Gained mutation: You possess an exceptional clarity of
                  | mind. [potion of mutation]
 11792 | Lair:2   | Gained mutation: You are partially covered in iridescent
                  | scales. (AC +2) [potion of mutation]
 11793 | Lair:2   | 11793 ||| DRINKING potion of mutation.
 11793 | Lair:2   | Lost mutation: You possess an exceptional clarity of mind.
                  | [potion of mutation]
 11793 | Lair:2   | Lost mutation: You are frail. (-10% HP) [potion of
                  | mutation]
 11793 | Lair:2   | Lost mutation: You are partially covered in iridescent
                  | scales. (AC +2) [potion of mutation]
 11793 | Lair:2   | Gained mutation: Your body sometimes deteriorates upon
                  | taking damage. [potion of mutation]
 11793 | Lair:2   | Gained mutation: You are vulnerable to cold. (rC-) [potion
                  | of mutation]
 11793 | Lair:2   | Gained mutation: You are partially covered in iridescent
                  | scales. (AC +2) [potion of mutation]
 11793 | Lair:2   | Gained mutation: You have a pair of small horns on your
                  | head. [potion of mutation]
 11820 | Lair:2   | 11820 ||| DROPPING +0 helmet.
 11821 | Lair:2   | 11821 ||| READING 5 scrolls of identify.
 11821 | Lair:2   | 11821 ||| IDENTIFYING amethyst potion
 11849 | Lair:3   | 11849 ||| Stepping ~*~*~tactically~*~*~ (stealth).
 11943 | Lair:3   | 11943 ||| Stepping ~*~*~tactically~*~*~ (stealth).
 11945 | Lair:3   | 11945 ||| INVOKING Heroism.
 12120 | Lair:3   | 12120 ||| INVOKING Heroism.
 12128 | Lair:3   | 12128 ||| Stepping ~*~*~tactically~*~*~ (stealth).
 12178 | Lair:3   | 12178 ||| INVOKING Heroism.
 12270 | Lair:3   | 12270 ||| INVOKING Heroism.
 12275 | Lair:3   | Reached skill level 13 in Axes
 12310 | Lair:3   | Found an ancient bone altar of Kikubaaqudgha.
 12819 | Lair:4   | 12819 ||| STAIRDANCE
 12877 | Lair:4   | 12877 ||| Stepping ~*~*~tactically~*~*~ (stealth).
 12879 | Lair:4   | 12879 ||| Stepping ~*~*~tactically~*~*~ (stealth).
 12880 | Lair:4   | 12880 ||| Stepping ~*~*~tactically~*~*~ (stealth).
 12961 | Lair:4   | 12961 ||| INVOKING Heroism.
 12993 | Lair:4   | 12993 ||| INVOKING Heroism.
 13098 | Lair:4   | You fall into a shaft and drop 1 floor!
 13098 | Lair:5   | Entered Level 5 of the Lair of Beasts
 13099 | Lair:5   | 13099 ||| INVOKING Heroism.
 13102 | Lair:5   | 13102 ||| SWAPPING to +0 morningstar.
 13110 | Lair:5   | 13110 ||| SWAPPING to +1 war axe.
 13115 | Lair:5   | Reached skill level 14 in Axes
 13165 | Lair:5   | 13165 ||| Stepping ~*~*~tactically~*~*~ (stealth).
 13166 | Lair:5   | 13166 ||| INVOKING Heroism.
 13250 | Lair:5   | Found a staircase to the Slime Pits.
 13264 | Lair:5   | 13264 ||| INVOKING Heroism.
 13335 | Lair:5   | Gained mutation: Your large and strong wings let you fly.
                  | [Gargoyle growth]
 13335 | Lair:5   | Reached XP level 14. HP: 75/88 MP: 21/21
 13552 | Lair:4   | 13552 ||| Stepping ~*~*~tactically~*~*~ (stealth).
 13553 | Lair:4   | 13553 ||| Stepping ~*~*~tactically~*~*~ (stealth).
 13554 | Lair:4   | 13554 ||| Stepping ~*~*~tactically~*~*~ (stealth).
 13692 | Lair:4   | 13692 ||| Stepping ~*~*~tactically~*~*~ (stealth).
 13754 | Lair:4   | 13754 ||| Stepping ~*~*~tactically~*~*~ (stealth).
 13762 | Lair:4   | 13762 ||| INVOKING Heroism.
 13767 | Lair:4   | 13767 ||| SWAPPING to +0 morningstar.
 13776 | Lair:4   | 13776 ||| SWAPPING to +1 war axe.
 14075 | Lair:5   | 14075 ||| INVOKING Heroism.
 14086 | Lair:5   | 14086 ||| STAIRDANCE
 14088 | Lair:4   | HP: 12/90 [death yak (15)]
 14089 | Lair:4   | 14089 ||| READING 4 scrolls of teleportation.
 14092 | Lair:4   | Reached skill level 12 in Shields
 14093 | Lair:4   | HP: 9/90 [death yak (1)]
 14342 | Lair:5   | 14342 ||| INVOKING Heroism.
 14358 | Lair:5   | Received a gift from Okawaru
 14367 | Lair:5   | 14367 ||| STAIRDANCE
 14381 | Lair:4   | Slain by a boulder beetle

Levels and vault maps discovered:
D:1:      tarquinn_simple_flora_water_e, layout_basic
D:2:      layout_basic, basic_altar
D:3:      layout_basic, nicolae_uskayaw_suspiria, glass_columns_a
D:4:      layout_basic, sigmund_edmund_badplayer
D:5:      layout_loops_ring, grunt_dithmenos_smoke,
          minmay_temple_entry_statues_fountains
D:6:      layout_basic, nicolae_titane
D:7:      layout_loops_ring, nicolae_qazlal_general_emergency
D:8:      layout_basic, mainiacjoe_overflow_small_starburst, enter_bailey_3,
          hex_medium, minmay_shop_chei, uniq_maggie
D:9:      layout_cave_pools, grunt_temple_overflow_diamond
D:10:     layout_small_grid, serial_shops, shop, uniq_josephine
D:11:     layout_roguey, dpeg_oklobed_lair, serial_corexii_hall,
          chequers_hall_statues_corner_a, corexii_hall_statues_u,
          corexii_hall_statues_s, nrook_mini_backslash
Temple:   hellmonk_temple_of_storms
Lair:1:   layout_small_grid, infiniplex_staircase_pool_2, uniq_fannar,
          uniq_erica
Lair:2:   layout_gridlike, swamp_mist_pool, nicolae_snake_entry_squirm,
          infiniplex_staircase_pool, grunt_megastairs_2
Lair:3:   layout_regular_city, basic_altar, hangedman_lair_unloving_vines,
          grunt_megastairs_4
Lair:4:   layout_roguey, lemuel_fruit_fields
Lair:5:   minmay_lair_end_frog_pond, layout_cave_pods, slime_entry_1,
          serial_bayou_shore_a

Skill      XL: |  1  2  3  4  5  6  7  8  9 10 11 12 13 14 |
---------------+-------------------------------------------+-----
Axes           | 2 3 4 5 6 7 8 9 11 12 14 | 14.0
Throwing       | 1 2 3 |  3.1
Fighting       | 4 5 6 7 8 9 10 11 | 11.0
Dodging        | 2 |  2.4
Shields        | 4 7 8 9 10 11 12 | 12.1
Armour         | 4 7 9 |  9.5
Invocations    | 2 4 7 10 | 10.0

Action                     |  1- 3 |  4- 6 |  7- 9 | 10-12 | 13-15 || total
---------------------------+-------+-------+-------+-------+-------++-------
  Melee: War axe           |   147 |    73 |   256 |   517 |   351 ||  1344
         Headbutt          |       |       |       |       |    74 ||    74
         Morningstar       |       |       |       |       |    19 ||    19
  Throw: Javelin           |     3 |    14 |     4 |    18 |     5 ||    44
         Boomerang         |       |       |    22 |    18 |    80 ||   120
 Invoke: Heroism           |       |       |     6 |    26 |    19 ||    51
         Finesse           |       |       |       |       |     1 ||     1
    Use: Scroll            |     7 |     3 |     8 |     7 |     2 ||    27
         Potion            |     1 |     1 |     2 |     5 |     2 ||    11
 Armour: Scale mail        |    71 |     2 |       |       |       ||    73
         Chain mail        |       |    25 |    15 |       |       ||    40
         Plate armour      |       |       |    95 |   249 |   166 ||   510
  Dodge: Dodged            |    87 |    54 |   132 |   280 |   167 ||   720
  Block: Buckler           |    28 |    14 |     2 |       |       ||    44
         Kite shield       |       |       |   125 |   326 |   196 ||   647

Table legend:
 A = Non-vault XP
 B = Vault XP
 C = Vault XP percentage of total XP
 D = Non-vault monster count
 E = Vault monster count
 F = Vault count percentage of total count
                 A         B        C        D         E       F
            +---------+---------+-------+---------+---------+-------
      Total |   54247 |    6838 |  11.2 |     338 |      26 |   7.1
            +---------+---------+-------+---------+---------+-------
        D:1 |      47 |       0 |   0.0 |      21 |       0 |   0.0
        D:2 |      22 |       0 |   0.0 |      12 |       0 |   0.0
        D:3 |      82 |       0 |   0.0 |      10 |       0 |   0.0
        D:4 |     453 |     416 |  47.9 |      23 |       2 |   8.0
        D:5 |     559 |       0 |   0.0 |      12 |       0 |   0.0
        D:6 |     544 |       0 |   0.0 |      22 |       0 |   0.0
        D:7 |     791 |       0 |   0.0 |      14 |       0 |   0.0
        D:8 |    1761 |     421 |  19.3 |      13 |       5 |  27.8
        D:9 |    1253 |       0 |   0.0 |      15 |       0 |   0.0
       D:10 |    5914 |    1715 |  22.5 |      30 |       5 |  14.3
       D:11 |    1380 |     542 |  28.2 |      20 |       1 |   4.8
     Lair:1 |    8325 |    1720 |  17.1 |      35 |       2 |   5.4
     Lair:2 |   11341 |     949 |   7.7 |      37 |       7 |  15.9
     Lair:3 |    4786 |    1075 |  18.3 |      21 |       4 |  16.0
     Lair:4 |    9493 |       0 |   0.0 |      32 |       0 |   0.0
     Lair:5 |    7496 |       0 |   0.0 |      21 |       0 |   0.0
            +---------+---------+-------+---------+---------+-------
